AoeStats
← HairlessRex3750

Arabia

508108511Analyzed
1v1 RM · 11d ago on Sep 20, 2026· 77m 23s· 2 players
Game mode
Random Map
Map size
Tiny (2 player)
Population
200
Speed
Normal
Resources
Standard
Victory
Conquest
Starting age
Dark Age
Ending age
Imperial Age
RankedLock teamsTeams togetherTeam positionsShared explorationLock speedFull tech treeHidden civsTurbo modeCheats
Victory
Defeat
🇫🇷 Inca · France
1125
+17
🇦🇷 Spanish · Argentina
1151
-17
Yagatan
13:25 Feudal Age
14:15 Double-Bit Axe
14:20 Horse Collar
19:27 Castle Age
18:23 Fletching
18:33 Padded Archer Armor
19:55 Crossbowman
21:41 Heavy Plow
22:50 Pikeman
24:33 Champi Runner
29:58 Champi Warrior
30:28 Loom
32:10 Forging
34:47 Bow Saw
35:18 Wheelbarrow
36:21 Scale Mail Armor
36:36 Gold Mining
38:53 Hand Cart
42:08 Squires
43:12 Thumb Ring
43:24 Leather Archer Armor
43:04 Bodkin Arrow
50:25 Imperial Age
48:44 Iron Casting
48:24 Chain Mail Armor
49:15 Ballistics
51:11 Arbalester
52:54 Plate Mail Armor
56:47 Elite Skirmisher
57:45 Elite Kamayuk
57:50 Elite Champi Warrior
58:32 Bracer
59:03 Ring Archer Armor
59:33 Blast Furnace
63:12 Fabric Shields
68:27 Halberdier
HairlessRex3750
7:36 Loom
10:36 Feudal Age
12:19 Double-Bit Axe
12:31 Horse Collar
15:30 Fletching
18:45 Stone Mining
22:05 Castle Age
22:09 Padded Archer Armor
23:28 Wheelbarrow
22:55 Bodkin Arrow
22:49 Elite Skirmisher
24:55 Leather Archer Armor
28:33 Ballistics
35:30 Bow Saw
39:55 Imperial Age
37:42 Husbandry
37:52 Bloodlines
39:17 Hand Cart
41:51 Gold Mining
43:05 Two-Man Saw
43:25 Scale Barding Armor
43:48 Forging
44:02 Bloodlines
43:16 Cavalier
44:13 Town Watch
45:43 Chain Barding Armor
48:17 Plate Barding Armor
48:17 Iron Casting
48:08 Heavy Plow
48:45 Conscription
50:53 Town Patrol
53:16 Bracer
54:17 Blast Furnace
54:21 Chemistry
57:38 Ring Archer Armor
63:00 Light Cavalry
63:56 Hussar
Connection lost

Rejoining the realm…

Still unreachable

The connection could not be restored.

Session expired

The server has moved on; the page needs a fresh start.